 Dungeon Crawl Stone Soup version 0.19.1 (webtiles) character file.

120 Gargoyl the Skirmisher (level 4, -4/36 HPs)
             Began as a Demonspawn Abyssal Knight on Nov 25, 2016.
             Was a Believer of Lugonu.
             Slain by Grinder (8 damage)
             ... while paralysed by Grinder
             ... on level 3 of the Dungeon on Nov 27, 2016.
             The game lasted 00:06:43 (3377 turns).

Gargoyl the Skirmisher (Demonspawn Abyssal Knight)  Turns: 3377, Time: 00:06:44

Health: -4/36      AC:  5    Str: 13    XL:     4   Next: 75%
Magic:  6/6        EV:  2    Int: 13    God:    Lugonu [**....]
Gold:   108        SH:  0    Dex: 13    Spells: 0 memorised, 3 levels left

rFire  . . .     SeeInvis .     a - +1 hand axe
rCold  . . .     Gourm    .     s - +0 ring mail
rNeg   . . .     Faith    .     (no shield)
rPois  .         Spirit   .     (no helmet)
rElec  .         Reflect  .     (no cloak)
rCorr  .         Harm     +     (no gloves)
MR     .....                    (no boots)
Stlth  +.........               e - amulet of harm
                                (no ring)
                                (no ring)

@: paralysed
A: talons 1, mutation resistance 1, no device heal 1, sturdy frame 1
a: Depart the Abyss, Bend Space, Renounce Religion


You were on level 3 of the Dungeon.
You worshipped Lugonu.
Lugonu was pleased with you.
You were very hungry.

You visited 1 branch of the dungeon, and saw 3 of its levels.
You visited the Abyss 1 time.

You collected 108 gold pieces.

Inventory:

Hand Weapons
 a - a +1 hand axe (weapon)
Armour
 s - a +0 ring mail (worn)
Jewellery
 e - an amulet of harm (around neck)
Scrolls
 b - a scroll of teleportation {unknown}
 d - a scroll of remove curse
 f - 2 scrolls of fear
 j - a scroll of immolation {unknown}
 k - 2 scrolls of enchant weapon {unknown}
 m - 3 scrolls of identify {unknown}
 p - a scroll of amnesia {unknown}
 r - a scroll of blinking {unknown}
Comestibles
 c - 2 bread rations
 l - 4 meat rations
 q - a beef jerky


   Skills:
 + Level 3.6 Fighting
 + Level 2.6 Axes
 * Level 3.1 Armour
 + Level 1.5 Dodging
 * Level 2.9 Invocations


You had 3 spell levels left.
You didn't know any spells.

Dungeon Overview and Level Annotations

Branches:
Dungeon (3/15)

Altars:
Makhleb
Nemelex Xobeh

Annotations:
D:2 Sigmund
D:3 Grinder


Innate Abilities, Weirdness & Mutations

You have sharp toenails.
Your movements are slightly less encumbered by armour. (ER -2)
You are somewhat resistant to further mutation.
Potions and wands are less effective at restoring your health.


Message History

Grinder is lightly wounded.
Grinder gestures at you. Pain shoots through your body!
Your system partially rejects the healing.
You feel better. Grinder barely misses you.
Okay, then.
You aren't carrying any potions.
You hit Grinder but do no damage.
Grinder is lightly wounded.
Grinder hits you.
You writhe in agony.
* * * LOW HITPOINT WARNING * * *
Grinder gestures at you. Pain shoots through your body!
* * * LOW HITPOINT WARNING * * *
You hit Grinder. You claw Grinder, but do no damage.
Grinder is lightly wounded.
Grinder gestures at you.
You suddenly lose the ability to move!
Grinder hits you!
You die...

..###+#.#..#_#......#
......#.##..#.......#
......#........#########
.)..........##.........#
.รท..........##.........#
.......>...............#
......#................#
.......................#
................@5.....#
..............##'#######
#######.......##........
#....##..........#######
#................#
.............#...#
........(....#...+
.......#....##...#
..######...........


You could see Grinder.

Vanquished Creatures
  5 adders
  A worm (D:2)
  2 dart slugs
  A leopard gecko (D:1)
  2 orcs (D:3)
  2 ball pythons
  8 bats
  5 giant cockroaches
  2 goblins
  8 hobgoblins
  7 jackals
  3 quokkas (D:3)
  2 frilled lizards
  6 kobolds
  9 rats
63 creatures vanquished.

Notes
Turn   | Place    | Note
-------+----------+-------------------------------------------
     0 | Abyss:1  | Gargoyl the Demonspawn Abyssal Knight began the quest for the Orb.
     0 | Abyss:1  | Reached XP level 1. HP: 18/18 MP: 2/2
    30 | Abyss:1  | Found a corrupted altar of Lugonu.
    87 | Abyss:1  | Found a corrupted altar of Lugonu.
   123 | Abyss:1  | Found a radiant altar of Vehumet.
   124 | Abyss:1  | Noticed a large abomination
   145 | Abyss:1  | Noticed a large abomination
   147 | D:1      | Escaped the Abyss
   511 | D:1      | Gained mutation: You have sharp toenails. [demonic ancestry]
   511 | D:1      | Reached XP level 2. HP: 19/24 MP: 3/3
   511 | D:1      | Reached * piety under Lugonu
  1102 | D:1      | Reached skill level 1 in Dodging
  1446 | D:1      | Reached XP level 3. HP: 26/29 MP: 4/4
  1935 | D:2      | Gained mutation: You are somewhat resistant to further mutation. [potion of mutation]
  1935 | D:2      | Gained mutation: Potions and wands are less effective at restoring your health. [potion of mutation]
  2446 | D:2      | Found a sparkling altar of Nemelex Xobeh.
  2549 | D:2      | Gained mutation: Your movements are slightly less encumbered by armour. (ER -2) [demonic ancestry]
  2549 | D:2      | Reached XP level 4. HP: 34/35 MP: 5/5
  2583 | D:2      | Noticed Sigmund
  2592 | D:2      | You fall through a shaft!
  2930 | D:3      | Found a faded altar of an unknown god.
  3086 | D:3      | Reached ** piety under Lugonu
  3283 | D:3      | Found a burning altar of Makhleb.
  3367 | D:3      | Noticed Grinder
  3376 | D:3      | Paralysed by Grinder for 6 turns
  3377 | D:3      | Slain by Grinder

Skill      XL: |  1  2  3  4 |
---------------+-------------+-----
Axes           | 2 |  2.6
Armour         | 2 3 |  3.1
Dodging        | 1 |  1.5
Fighting       | |  3.6
Invocations    | |  2.9

Action                   |  1- 3 |  4- 6 || total
-------------------------+-------+-------++-------
Melee: Hand axe          |   133 |    64 ||   197
       Kick              |    27 |     9 ||    36
Invok: Depart the Abyss  |     1 |       ||     1
  Use: Potion            |     2 |     6 ||     8
       Scroll            |       |     2 ||     2
  Eat: Chunk             |     5 |     2 ||     7
Armor: Leather armour    |    54 |       ||    54
       Ring mail         |     3 |    22 ||    25
Dodge: Dodged            |   136 |    42 ||   178
